 Dungeon Crawl Stone Soup version 0.29.1-2-gbd0b4ee654 (webtiles) character file.

Game seed: 1019085190859692044

3502 Avanven the Grappler (level 9, 0/80 HPs)
             Began as a Troll Monk on Nov 7, 2022.
             Was a High Priest of Okawaru.
             Slain by an orc warrior
             ... wielding a +0 glaive
              (18 damage)
             ... on level 7 of the Dungeon.
             The game lasted 00:10:41 (5466 turns).

Avanven the Grappler (Troll Monk)                   Turns: 5466, Time: 00:10:43

Health: 0/80       AC:  6    Str: 37    XL:     9   Next: 80%
Magic:  8/8        EV: 10    Int:  6    God:    Okawaru [*****.]
Gold:   1174       SH:  0    Dex: 15    Spells: 8/8 levels left

rFire   . . .      SeeInvis .     - Unarmed
rCold   . . .      Faith    .   (no shield)
rNeg    . . .      Spirit   .   a - +0 robe
rPois   .          Reflect  .   o - +1 hat of the Iron Devil {Dex+3}
rElec   .          Harm     .   c - +0 cloak
rCorr   .          Rampage  .   (gloves unavailable)
Will    .....                   (boots unavailable)
Stlth   +.........              (no amulet)
HPRegen 1.03/turn               g - +6 ring of strength
MPRegen 0.11/turn               r - +6 ring of strength

@: confused, ambrosia-drunk
A: large, unfitting armour, claws 3, regeneration 1, shaggy fur 1, tough skin 1
a: Renounce Religion, Heroism, Finesse, Duel


You were on level 7 of the Dungeon.
You worshipped Okawaru.
Okawaru was extremely pleased with you.
You visited 2 branches of the dungeon, and saw 8 of its levels.
You also visited: Sewer.

You collected 1174 gold pieces.

Inventory:

Armour
 a - a +0 robe (worn)
 c - a +0 cloak (worn)
 o - the +1 hat of the Iron Devil (worn) {Dex+3}
   (You acquired it in the Ecumenical Temple)

   Dex:       It affects your dexterity (+3).
Jewellery
 g - a +6 ring of strength (left claw)
 r - a +6 ring of strength (right claw)
Wands
 s - a wand of flame (13)
 t - a wand of acid (8)
Scrolls
 d - 5 scrolls of teleportation
 f - a scroll of blinking {unknown}
 i - a scroll of identify
 p - 2 scrolls of amnesia
Potions
 b - 2 potions of ambrosia
 e - 2 potions of degeneration
 h - 5 potions of curing
 j - 3 potions of haste
 k - a potion of lignification
 m - a potion of might
 n - a potion of berserk rage {unknown}
 q - a potion of flight


   Skills:
 - Level 2.4 Fighting
 - Level 2.4 Dodging
 - Level 1.0 Stealth
 * Level 14.2 Unarmed Combat


You had 8 spell levels left.
You didn't know any spells.
Your spell library contained the following spells:

 Spells                   Type           Power      Damage    Failure   Level
 Necrotise                Necr           0%         1d4       45%         1
 Sandblast                Erth           0%         2d4       45%         1
 Passwall                 Tmut/Erth      0%         N/A       58%         2
 Stone Arrow              Conj/Erth      0%         3d7       83%         3
 Vampiric Draining        Necr           0%         2d6       83%         3
 Passage of Golubria      Tloc           0%         N/A       99%         4
 Agony                    Necr           0%         N/A       100%        5
 Blade Hands              Tmut           0%         N/A       100%        5
 Fireball                 Conj/Fire      0%         3d3       100%        5
 Irradiate                Conj/Tmut      0%         3d11      100%        5
 Iskenderun's Battlesphe  Conj           0%         2d6       100%        5
 Yara's Violent Unravell  Hex/Tmut       0%         3d3       100%        5
 Conjure Ball Lightning   Conj/Air       0%         3x3d6     100%        6
 Dragon Form              Tmut           0%         N/A       100%        7
 Orb of Destruction       Conj           0%         9d5       100%        7
 Summon Guardian Golem    Hex/Summ       Unusable   N/A       N/A         3
 Tukima's Dance           Hex            Unusable   N/A       N/A         3
 Spellforged Servitor     Conj/Summ      Unusable   N/A       N/A         7

Dungeon Overview and Level Annotations

Branches:
Dungeon (7/15)             Temple (1/1) D:4           Sewer (visited)

Altars:
Ashenzari
Cheibriados
Dithmenos
Elyvilon
Okawaru
Qazlal
Trog
Uskayaw
Vehumet
Wu Jian
Yredelemnul
Zin

Portals:
Bailey: D:7


Innate Abilities, Weirdness & Mutations

You are too large for most types of armour.
You have claws for hands.
Your natural rate of healing is unusually fast.
You are covered in fur. (AC +1)
You have tough skin. (AC +1)


Message History

* * * LOW HITPOINT WARNING * * *
Your surroundings suddenly seem different.
A sky beast, an orc warrior and a scorpion come into view.
Found a club.
Found a stone staircase leading down.
The orc warrior shouts!
The sky beast hits you but does no damage.
An orc wizard comes into view. It is wielding a +0 dagger.
You are too confused!
The orc wizard shouts!
The sky beast barely misses you. The orc wizard casts a spell at you.
The puff of flame hits you!
* * * LOW HITPOINT WARNING * * *
The sky beast hits you but does no damage.
A shadow imp comes into view.
The orc warrior completely misses you.
The orc wizard casts a spell.
The orc wizard flickers and vanishes!
Deactivating autopickup; reactivate with Ctrl-A.
The sky beast hits you.
* * * LOW HITPOINT WARNING * * *
The sky beast shocks you.
* * * LOW HITPOINT WARNING * * *
The sky beast attacks as you move away!
The sky beast hits you but does no damage.
The orc warrior hits you with a +0 glaive!
* * * LOW HITPOINT WARNING * * *
The shadow imp barely misses you.
You claw the orc warrior!
The orc warrior is moderately wounded.
The orc warrior barely misses you.
The shadow imp hits you but does no damage.
The sky beast closely misses you.
You miss the sky beast.
You hear some strange, mumbled words.
A puff of flame appears from out of thin air!
The puff of flame hits you but does no damage.
The sky beast misses you.
The orc warrior hits you with a +0 glaive!!
You die...

....# '..# ....#
#..# ..### #..#
#o.# ..# #.o# ).#
#..# # #.#
#.....# #.#.#.#
##5og...#
#...sY##
#o..?.....>#...@#
#....#.##
#..o{5..# #....#
# #....####
#....g #.....
##..... #.##...
#. #... #. #....
#....


You could see an orc warrior, a sky beast, a scorpion and a shadow imp.

Vanquished Creatures
  Pikel (D:6)
  Joseph (D:7)
  Grinder (D:4)
  Eustachio (D:6)
  Edmund (D:5)
  Menkaure (D:4)
  An orc warrior (D:5)
  3 black bears
  An ogre (D:7)
  4 lemures (D:6)
  3 bullfrogs
  5 scorpions
  4 wights (D:7)
  3 howler monkeys
  A gnoll bouda (D:6)
  4 orc priests
  2 hounds
  3 jellies
  Crazy Yiuf (D:5)
  7 iguanas
  3 orc wizards
  17 gnolls
  2 river rats (Sewer)
  6 adders
  A shadow imp (D:6)
  A white imp (D:6)
  5 ufetubi
  2 worms
  3 dart slugs
  12 orcs
  4 endoplasms
  6 giant cockroaches
  8 goblins
  5 hobgoblins
  A jackal (Sewer)
  3 kobolds
  7 quokkas
  4 ball pythons
  5 bats
  A frilled lizard (D:1)
  6 rats
150 creatures vanquished.

Notes
Turn   | Place    | Note
-------+----------+-------------------------------------------
     0 | D:1      | Avanven the Troll Monk began the quest for the Orb.
     0 | D:1      | Reached XP level 1. HP: 22/22 MP: 0/0
   235 | D:1      | Reached XP level 2. HP: 27/29 MP: 1/1
   617 | D:2      | Reached skill level 4 in Unarmed Combat
   617 | D:2      | Reached XP level 3. HP: 36/36 MP: 2/2
   817 | D:2      | Found a faded altar of an unknown god.
  1364 | D:3      | Found a glowing drain.
  1383 | Sewer    | Entered a sewer
  1393 | Sewer    | Reached skill level 5 in Unarmed Combat
  1393 | Sewer    | Reached XP level 4. HP: 40/44 MP: 3/3
  1446 | Sewer    | Noticed a kobold brigand
  1719 | D:3      | Identified the +4 mace "Cextiaj" {freeze, rF+++}
  1862 | D:3      | Reached XP level 5. HP: 47/50 MP: 4/4
  2184 | D:3      | Identified a scroll of acquirement
  2184 | D:3      | Acquired 774 gold pieces
  2254 | D:4      | Reached skill level 6 in Unarmed Combat
  2339 | D:4      | Found a glowing silver altar of Zin.
  2489 | D:4      | Noticed Menkaure
  2499 | D:4      | Killed Menkaure
  2500 | D:4      | Reached skill level 7 in Unarmed Combat
  2500 | D:4      | Reached XP level 6. HP: 51/59 MP: 5/5
  2781 | D:4      | Noticed Grinder
  2786 | D:4      | Found a staircase to the Ecumenical Temple.
  2791 | D:4      | Killed Grinder
  2792 | D:4      | Reached skill level 8 in Unarmed Combat
  2792 | D:4      | Reached XP level 7. HP: 57/66 MP: 6/6
  2802 | Temple   | Entered the Ecumenical Temple
  2815 | Temple   | Became a worshipper of Warmaster Okawaru
  2815 | Temple   | Reached * piety under Okawaru
  2815 | Temple   | Reached ** piety under Okawaru
  2825 | Temple   | Acquired the +1 hat of the Iron Devil {Dex+3}
  3233 | D:5      | Entered Level 5 of the Dungeon
  3276 | D:5      | Reached skill level 9 in Unarmed Combat
  3294 | D:5      | Found a shadowy altar of Dithmenos.
  3435 | D:5      | Found a basalt altar of Yredelemnul.
  3520 | D:5      | Reached XP level 8. HP: 58/74 MP: 7/7
  3622 | D:5      | Noticed Edmund
  3632 | D:5      | Killed Edmund
  3633 | D:5      | Reached skill level 10 in Unarmed Combat
  3725 | D:5      | Found a runed translucent door.
  3726 | D:5      | Noticed Crazy Yiuf
  4121 | D:5      | Found a bloodstained altar of Trog.
  4230 | D:5      | Killed Crazy Yiuf
  4294 | D:6      | Reached skill level 11 in Unarmed Combat
  4298 | D:6      | Reached *** piety under Okawaru
  4334 | D:6      | Found a white marble altar of Elyvilon.
  4425 | D:6      | Noticed Pikel
  4436 | D:6      | Killed Pikel
  4437 | D:6      | Reached skill level 12 in Unarmed Combat
  4437 | D:6      | Reached XP level 9. HP: 74/80 MP: 8/8
  4448 | D:6      | Found a hide-covered altar of Uskayaw.
  4643 | D:6      | Noticed Eustachio
  4652 | D:6      | Killed Eustachio
  4652 | D:6      | Reached **** piety under Okawaru
  4801 | D:6      | Reached skill level 13 in Unarmed Combat
  4943 | D:6      | Found an ornate altar of the Wu Jian Council.
  5104 | D:7      | Noticed Joseph
  5114 | D:7      | Killed Joseph
  5278 | D:7      | Reached skill level 14 in Unarmed Combat
  5424 | D:7      | Reached ***** piety under Okawaru
  5449 | D:7      | Found a flagged portal.
  5466 | D:7      | Slain by an orc warrior

Illustrated notes

Levels and vault maps discovered:
D:1:      matt_arrival_grand_opening, layout_loops_ring
D:2:      layout_basic, shapermc_ecumenical_altar_venn, minmay_quantized
D:3:      minmay_angry_zag, layout_basic, cheibrodos_sewer_entry_drain
D:4:      layout_basic, mainiacjoe_overflow_boulevard, minmay_temple_entry_tees,
          hangedman_decor_growths, uniq_grinder, uniq_menkaure
D:5:      layout_loops_cross, mainiacjoe_overflow_paths, kennysheep_mini,
          lemuel_doored_altar, kennysheep_cross_bottleneck, solitary_fountain,
          chequers_arboretum, guppyfry_early_orc_mine, uniq_edmund,
          uniq_crazy_yiuf_cottage
D:6:      layout_loops_ring, mainiacjoe_overflow_cross_hatched,
          nzn_wu_jian_council_hall, overflow_temple_1_default,
          kennysheep_generic_room_11, uniq_pikel, uniq_eustachio
D:7:      layout_basic, enter_bailey_5, st_stairs_7, uniq_joseph
Temple:   nicolae_temple_bog_church

Skill      XL: |  1  2  3  4  5  6  7  8  9 |
---------------+----------------------------+-----
Unarmed Combat | 4 5 7 8 9 12 14 | 14.2
Fighting       | |  2.4
Dodging        | |  2.4
Stealth        | |  1.0

Action                   |  1- 3 |  4- 6 |  7- 9 || total
-------------------------+-------+-------+-------++-------
Melee: Unarmed           |    70 |    87 |   193 ||   350
       Punch             |     1 |       |     9 ||    10
Invok: Heroism           |       |       |     3 ||     3
  Use: Scroll            |       |    12 |     8 ||    20
       Potion            |       |     2 |     1 ||     3
 Stab: Sleeping          |     5 |     5 |     6 ||    16
Armor: Robe              |    30 |    25 |    46 ||   101
Dodge: Dodged            |    30 |    30 |   102 ||   162
